[Event "44th Chess Olympiad Open 2022"]
[Site "Chennai"]
[Date "2022.08.07"]
[Round "9.10"]
[White "Cheng, Bobby"]
[Black "Shevchenko, Kirill"]
[Result "1/2-1/2"]
[WhiteElo "2540"]
[BlackElo "2654"]
[Annotator "TA"]
[PlyCount "65"]
[EventDate "2022.??.??"]
[TimeControl "60"]

1. d4 Nf6 2. c4 g6 3. Nc3 Bg7 4. e4 d6 5. h3 O-O 6. Be3 Na6 7. g4 {[%emt 0:00:
00] E71: King's Indian: 4 e4 d6 5 h3.} e5 8. d5 Nc5 9. f3 {[%emt 0:00:26] White is slightly better.} a5 10. Qd2 c6 11. Nge2 a4 12. Ng3 h5 13.
Rg1 cxd5 $1 {[%emt 0:30:34] [#]} (13... hxg4 14. hxg4 Re8 15.
Rh1 $16) 14. Nxd5 $146 ({Predecessor:} 14. cxd5 h4 15. Nh1 Bd7
16. Nf2 Qa5 17. Nb1 Qc7 18. Na3 Rfc8 19. Nd3 Nfxe4 20. fxe4 Nxe4 {0-1 (51)
Koelle,T (2380)-Lagarde,M (2638) Sousse 2021}) 14... h4 {[%emt 0:05:40] [#]
aiming for ...Nxd5.} 15. Nf5 $1 Nxd5 (15...
gxf5 $2 16. gxf5 Ne8 17. Bh6 $18) 16. cxd5 gxf5 17. gxf5 f6 $1 18. Bxc5 dxc5 19. O-O-O (19. Qh6 Qa5+ 20. Kd1 Rf7 $17)
(19. d6 $11 Qa5 20. Bc4+ Kh7 21. Qxa5 Rxa5 22. Rg4) 19... Qd6 $2 (19... Qa5 $1 $15 {stays ahead.} 20. Rxg7+ (20. Qh6 Rf7 $17) 20... Kxg7
21. Qg2+ Kh8) 20. Qh6 $1 $16 Rf7 21. Bb5 {[%emt 0:00:03] Intending Rg4 and mate.}
Bd7 {[%emt 0:12:16] [#]} 22. Rg4 $1 {[%emt 0:02:06][%cal Yd1g1] White
threatens Rdg1! and mate. White is more active.} Bxb5 23. Rdg1 Qf8 24. Rxh4 Rd7 {[%emt 0:00:15] [#]} 25. Qh7+ (25.
d6 $1 $16 Rad8 26. Qh7+ (26. Qh8+ Kf7 $16) 26... Kf7 27. Rhg4) 25... Kf7 $11 {
[%emt 0:00:02] Threatens to win with ...Qg8.} 26. Rhg4 {[%emt 0:00:36][%cal
Rg4g7] Really sharp!} Ke7 {[%emt 0:01:58][%cal Ye7d6] And now ...Kd6! would
win.} 27. Rxg7+ Kd6 {[%emt 0:00:01] Strongly threatening ...
a3.} 28. Rxd7+ Bxd7 29. Rg7 Qd8 {[%emt 0:02:07] ...a3 is the strong threat.} 30.
Rf7 (30. a3 $11 {keeps the balance.}) 30... a3 $17 31. Qg7 (31. Qh6 $17) 31... axb2+ 32.
Kxb2 Rxa2+ $2 33. Kxa2 {[%emt 0:00:50]
Weighted Error Value: White=0.34/Black=0.18 (very precise)} 1/2-1/2

[Event "44th Chess Olympiad Open 2022"]
[Site "Chennai"]
[Date "2022.08.07"]
[Round "9.11"]
[White "McShane, Luke J"]
[Black "Krysa, Leandro"]
[Result "1-0"]
[WhiteElo "2649"]
[BlackElo "2515"]
[Annotator "TA"]
[PlyCount "115"]
[EventDate "2022.??.??"]
[TimeControl "60"]

1. e4 c6 2. Nf3 d5 3. d3 Qc7 4. Nbd2 Bg4 5. Be2 e6 6. O-O {[%emt 0:00:15] B10: Caro-Kann: 2 d3 and 2 c4.} Nf6 7. c3 Nbd7 8. Re1 {[%emt 0:
00:00] The position is equal.} (8. Nd4 $5 Bxe2 9. Qxe2 $11) 8...
Bd6 9. Qc2 {[%emt 0:00:13] [#]} O-O-O $146 ({
Predecessor:} 9... O-O 10. h3 Bh5 11. Nh4 dxe4 12. Nxe4 Nxe4 13. dxe4 Bxe2 14.
Qxe2 Be7 15. Nf3 Ne5 {½-½ (23) Gregor,M (2099)-Murin,P (2023) Liptovsky
Mikulas 2005}) 10. Nf1 (10. h3 $11 Bh5 11. d4 dxe4 12. Nxe4)
10... Kb8 (10... dxe4 $15 11. dxe4 Bxf3 12. Bxf3 Bf4) 11. a4 (11. Ng5 $5 Rhf8 12. Bxg4 Nxg4 13. h3 $11) 11...
dxe4 12. dxe4 Bxf3 13. Bxf3 Ne5 14. Be2 h5 15. Bg5 Neg4 16. Bxg4 hxg4 17. g3 $1 {[%emt 0:00:20][%cal Ye4e5] [#] Black must now
prevent e5!} Rh5 (17... Nd7 $5 18. Bxd8 Qxd8
$11) 18. Bxf6 gxf6 19. Qe2 Rg8 (19... f5 $11 {keeps the balance.}) 20. Rad1 $16 a5 {[%emt 0:01:54] [#]} 21. Rd3 $1 Bc5 22. Red1 Qe5 23. Rd8+ Rxd8 24. Rxd8+ Kc7 25. Qd3 ({But not} 25. Qd1 Bd6 26. Rg8 Qxe4 $11) 25... Bd6 26. Rg8 {[%emt 0:00:22] Threatens to win with Rg7.} Rg5 {[%emt 0:02:04]
Inhibits Rg7.} (26... f5 $16 {was called for.}) 27. Rh8 ({
Better is} 27. Re8 $18) 27... Rh5 $1 $14 28. Rxh5 Qxh5 {[%emt 0:00:03] Endgame KQB-KQN} 29. Ne3 Bc5 30. Nc4 Qg5 31. Kg2 b6 32. Qe2 Qh5 33.
Qd2 {[%emt 0:00:40] Hoping for Qf4+.} e5 {[%emt 0:00:41] Inhibits Qf4.} 34. Qd3 (34. b4 $14 axb4 35. cxb4) 34... Qh3+ 35. Kg1 Qh6 36. Nd2 Qg5 37. Nb3 Qh6 ({Black should
try} 37... Bd6) 38. Qe2 $16 Qg5 39. Qa6 Kd6 (39... Qg6 $16 {was necessary.}) 40. Qc8
$18 Qh6 (40... Qg6 $142 41. Qd8+ Ke6) 41.
Qd8+ Ke6 42. Nxc5+ bxc5 {[%emt 0:00:06] KQ-KQ} 43. Qe8+ Kd6 44. Qd8+ Ke6 45. Qe8+ ({
Weaker is} 45. Qxa5 Qc1+ 46. Kg2 Qe1 $11) 45... Kd6 46. Qxf7 c4 47. h4 gxh3 48. Kh2 ({Not} 48. Qxc4 h2+ 49. Kh1 Qd2 $11) 48... Qd2 $2 (48... Qh8 49. Qxc4 Qh7 50. Qd3+ Ke6) 49. Qxf6+ Kd7 50. g4 {[%emt 0:01:37][%cal Yg3g4,Yg4g5] Threatening
mate with g5.} Qe2 51. Qf5+ Kd6 52. g5 {[%emt 0:00:21] White mates.} Qf1 53. Qf3 Qd3 54. Qf6+ Kc7 55. Qf5 Qf1 56. Qxe5+ Kb6 57. Qg3 c5 58. g6 {
[%emt 0:00:22] Weighted Error Value: White=0.28 (precise) /Black=0.35} 1-0

[Event "44th Chess Olympiad Open 2022"]
[Site "Chennai"]
[Date "2022.08.07"]
[Round "9.11"]
[White "Peralta, Fernando"]
[Black "Adams, Michael"]
[Result "1/2-1/2"]
[WhiteElo "2591"]
[BlackElo "2696"]
[Annotator "TA"]
[PlyCount "61"]
[EventDate "2022.??.??"]
[TimeControl "60"]

1. d4 Nf6 2. c4 e6 3. Nc3 Bb4 4. e3 O-O 5. Bd3 d5 6. Nf3 c5 7. O-O dxc4 8. Bxc4 Nc6 9. a3 Ba5 10. h3 {[%emt 0:00:
00] E56: Nimzo-Indian: Rubinstein: Main Line: 7...Nc6.} h6 11.
Qd3 $1 Qe7 {[%emt 0:03:42] [#]} 12. dxc5 $146 {[%emt 0:01:58]
White wants to play b4.} ({Predecessor:} 12. Ne4 cxd4 13. exd4 e5 14. Nxf6+
Qxf6 15. dxe5 Nxe5 16. Nxe5 Qxe5 17. Qb3 Bd7 18. Rd1 {½-½ (18) Mostowik,D 
(2210)-Raessler,A (2276) ICCF email 2008}) 12... Rd8 13. Qc2 {
[%emt 0:00:41] Threatens to win with b4.} Qxc5 14. Ne4 Nxe4 15. Qxe4 {[%emt 0:00:07] [#] b4 is the
strong threat.} Qf5 16. Qxf5 exf5 17. b4 Bb6 18. Bb2 Be6 {[%emt 0:00:22] The position is equal.} 19. Bxe6 fxe6 20. Rfd1 a6 21. Kf1 Rxd1+ 22. Rxd1 {[%emt 0:00:07] [#] Hoping for Rd7.}
Rd8 {[%emt 0:00:07] Inhibits Rd7.} 23. Rc1 Rd5 24. Ke2 Kf7 25. Rc4 a5 26. e4 fxe4 27. Rxe4 axb4 28. axb4 Bc7 29. Ne1 Be5 30. Bxe5 Nxe5 31. Rd4 $2 {[%emt 0:00:28] Weighted Error Value: White=0.
02 (flawless) /Black=0.01 (flawless) . An unexpected result.} 1/2-1/2

[Event "44th Chess Olympiad Open 2022"]
[Site "Chennai"]
[Date "2022.08.07"]
[Round "9.11"]
[White "Tristan, Leonardo"]
[Black "Jones, Gawain C B"]
[Result "0-1"]
[WhiteElo "2558"]
[BlackElo "2652"]
[Annotator "TA"]
[PlyCount "94"]
[EventDate "2022.??.??"]
[TimeControl "60"]

1. d4 {[%emt 0:00:04] ChessBase II} Nf6 2. c4 g6 3. Nc3 Bg7 4. e4 d6 5. Nf3 O-O 6. Be2 e5 7. d5 a5 8. h3 Na6 9. Bg5 Qe8 10. g4 {[%emt 0:01:06] E92: King's Indian:
Classical: 6 Be2 e5:7 dxe5, 7 Be3 and Petrosian System without 7...Nbd7.} Nd7 11. a3 Nb6 {
[%emt 0:04:13] [#]} 12. Be3 $146 {[%emt 0:02:22] White is slightly better.} ({
Predecessor:} 12. b3 Bd7 13. Rg1 Kh8 14. Rb1 Nc5 15. Be3 f5 16. gxf5 gxf5 17.
Qd2 Qe7 18. Bxc5 dxc5 {0-1 (81) Krasenkow,M (2671)-Amin,B (2693) Wijk aan Zee
2018 CBM 183 [ChessBase II]}) 12... Bd7 13. Qd2 Nc5 14. Bxc5 dxc5 15.
Qe3 Qe7 16. Nd2 Na4 17. Nb5 (17. Nxa4 $14 Bxa4 18. h4) 17... c6 $1
$11 (17... Nxb2 $2 18. Qb3 $18) ({Resist} 17... Bxb5 18. cxb5
Nb6 19. Rc1 $14) 18. dxc6 (18. Nc3 $11 Nxc3 19. bxc3) 18...
bxc6 $17 ({Much worse is} 18... Bxc6 $6 19. b3 Bxb5 20. cxb5
$11) 19. Nc3 Nxc3 20. Qxc3 Bh6 21. Nf1 (21. Nf3 $142) 21... Rfd8 {
[%emt 0:05:51] Black is more active.} 22. h4 (22. Nh2 $17)
22... Bf4 $19 23. Rd1 Be6 24. Rxd8+ Qxd8 25. Ne3 (25.
a4 $17 {might work better.}) 25... Qd4 26. Qxd4 (26. O-O {was necessary.}) 26... cxd4 27. Nc2 Rd8 {[%emt 0:07:45] [#] And now ...d3 would win.} 28. Bd3 Bxg4 {[%emt 0:01:33] Hoping for ...f5.} 29. O-O f5 {
[%emt 0:03:39] Strongly threatening ...fxe4.} 30. f3 Bh3 31. Rb1 fxe4 32. fxe4 Bg3 {[%emt 0:01:35] This bishop pair is nice.} 33. b4 Rb8 34. b5 cxb5 35.
cxb5 Bxh4 36. b6 $2 (36. a4)
36... Bc8 37. Bc4+ Kg7 38.
Bd5 Bb7 39. Rb5 (39. Bxb7
$142 Rxb7 40. Rb5) 39... Bxd5 40. exd5 {[%emt 0:00:22]
Endgame KRB-KRN} Bg5 {[%emt 0:00:44] [#] ...d3 is the strong threat.} 41. a4 d3 42. Na3 d2 {[%emt 0:00:00]
Black mates.} 43. Rb1 Rc8 44. b7 Rc1+ 45. Kf2 d1=Q 46.
Rxc1 Qd2+ 47. Kf3 e4+ {
[%emt 0:00:20] Weighted Error Value: White=0.67/Black=0.08 (flawless)} 0-1

[Event "44th Chess Olympiad Open 2022"]
[Site "Chennai"]
[Date "2022.08.07"]
[Round "9.11"]
[White "Haria, Ravi"]
[Black "Flores, Diego"]
[Result "1/2-1/2"]
[WhiteElo "2505"]
[BlackElo "2528"]
[Annotator "TA"]
[PlyCount "116"]
[EventDate "2022.??.??"]
[TimeControl "60"]

1. e4 e5 2. Nf3 Nc6 3. Bc4 Bc5 4. c3 Nf6 5. d3 a6 6. O-O d6 7. a4 {[%emt 0:00:27] C54: Giuoco Piano: 4
c3 Nf6, main lines with 5 d4 and 5 d3.} Ba7 8. Nbd2 h6 9. Re1 {[%emt 0:00:46] White has an edge.} g5 10. b4 Nh5 {[%emt 0:12:16]
And now ...g4 would win. 10...Nh7 is becoming the main line.} 11. g3 {[%emt 0:
07:06] [#]} Qf6 $146 ({Predecessor:} 11... g4 12. Nh4 Nf4 13.
Rf1 Qf6 14. Kh1 Nh3 15. Qe2 Ne7 16. f3 Qg7 17. Qg2 O-O {1-0 (37) Marbourg,D 
(2303)-Dulany,L (2335) ICCF email 2019}) 12. d4 g4 13. b5 Ne7 14. Nh4 Nf4 $1 {[%emt 0:03:32] ...Nh3+ is the strong threat.} 15. Bf1 Rg8 16. Nb3 (16. Ba3 $16) 16... Nh3+ $11 17. Bxh3 gxh3 18. Qh5 Be6 19. Rb1 axb5 20. axb5 Bb6 (20... Rg4 {
is interesting.} 21. Nf5 Nxf5 22. exf5 Qxf5 23. Qxf5 Bxf5 24. Ra1 Bc2) 21. Qxh6 Qxh6 22. Bxh6 Bxb3 23. Rxb3 exd4 24. cxd4 Bxd4 25. Nf3 Bc5 26.
Kf1 f6 27. Ng1 Ra4 28. Bd2 Ng6 29. Nxh3 Ne5 ({Black should try} 29... Kf7 $14) 30. Re2 Rh8 31. Kg2 Ra2 32. Nf4 Ng4 (32... Bxf2 $14 33. Bc3 (33. Rxf2 Ng4 $17)
(33. Kxf2 Rxh2+ 34. Ng2 Rh1 $14) 33... Rxe2 34. Nxe2 Bc5) 33. h4 Nxf2 {[%emt 0:00:56] [#]} 34. Nd5 (34. Kf3 $1 $16) 34...
Kd8 $2 (34... Ng4 $14) 35. Nxf6 $18 Kc8 36. Rf3 Nd1 37.
Kf1 Rf8 38. Bh6 $2 (38. g4
$18) 38... Ra1 $2 39. Re1 (39. Bxf8 $2 {
leads to mate.} Ne3+ 40. Kf2 Rf1#) 39... Rf7 {[%emt 0:00:25] [#]} 40. Ke2 $2 (40. e5 $1 $18 {[%cal Re5e6] Black must now prevent e6.} dxe5
41. Ke2) 40... Nc3+ $1 $11 41. Rxc3 Ra2+ 42. Kf3 {[%emt 0:07:02][%cal Yc3c5] Threatens to win with Rxc5!
} Rxf6+ 43. Bf4 {[%emt 0:00:05] Strongly threatening Rcc1.}
Bb4 44. Rec1 ({Better is} 44. Rce3 $11) 44...
Bxc3 $15 45. Rxc3 {[%emt 0:00:00] Endgame KRR-KRB} Rb2 46. Kg4 Rg6+ (46... Rxb5 $15
47. h5 Kd7) 47. Kf5 $11 Rg8 48. Bxd6 Kd7 49. Bf4 ({But not} 49.
Bxc7 $2 Rxb5+ 50. e5 Rc8 $19) 49... Rxb5+ 50. e5 (50. Kf6 $1 $14) 50... Rf8+ {[%emt 0:00:00] The position is equal.} 51.
Kg6 Rb6+ 52. Kg7 Rf5 53. e6+ Kxe6 {[%emt 0:03:44] aiming for ...c5.
} 54. Rxc7 Rb3 55. Kg6 Rf6+ 56. Kg7 Rf5 57. Kg6 Rf6+ 58. Kg7 Rf5 {[%emt 0:00:
30] Black defended with fortune. Weighted Error Value: White=0.28 (precise) /
Black=0.29 (precise)} 1/2-1/2

[Event "44th Chess Olympiad Open 2022"]
[Site "Chennai"]
[Date "2022.08.07"]
[Round "9.12"]
[White "Moussard, Jules"]
[Black "Quesada Perez, Yasser"]
[Result "1-0"]
[WhiteElo "2672"]
[BlackElo "2568"]
[Annotator "TA"]
[PlyCount "73"]
[EventDate "2022.??.??"]
[TimeControl "60"]

1. e4 c5 2. Nf3 Nc6 3. d4 cxd4 4. Nxd4 g6 5. c4 Nf6 6. Nc3 Nxd4 7. Qxd4 d6 8. Be2 Bg7 9. O-O O-O 10.
Qd3 {[%emt 0:00:13] B36: Sicilian: Maroczy Bind: Gurgenidze System.} a5 11. Be3 a4 12. f4 $5 {
[%emt 0:09:33][%cal Yf2f4,Yf4f5] White is slightly better. A promising side
line.} Qa5 {[%emt 0:05:24] [#]} 13. Rad1 $5 $146 {[%emt 0:09:28] New and
interesting.} ({Predecessor:} 13. Rac1 Bd7 14. Bd4 Bc6 15. a3 Rac8 16. Qe3 Nd7
17. Bxg7 Kxg7 18. Rfd1 Qc5 19. Kf2 {0-1 (65) Keymer,V (2654)-Xiong,J (2685)
Chess.com INT 2022}) 13... Ng4 14. Bxg4 (14.
Nd5 {keeps more tension.} Nxe3 15. Nxe7+ Kh8 16. Qxe3 Be6 17. Nd5) 14... Bxg4 15. Rc1 (15. Rd2
{keeps more tension.} f5 16. c5 fxe4 17. Qc4+) 15... Bxc3 (
15... f5 $11) 16. Rxc3 $14 {[%emt 0:00:22] aiming for f5.} Bd7 17. f5 Bc6 $1 18. Bd4 {[%emt 0:02:21] White
is more active.} f6 19. fxg6 $1 Qh5 20. Qd2 (20. gxh7+ $16 Qxh7 21. c5 Qxe4 22. Qxe4 Bxe4
23. cxd6) 20... hxg6 $11 21. Rh3 Qg4 22. Rg3 Qh5 (22... Qxe4 $2
23. Re1 (23. Re3 Qg4 $16) 23... Qf5 24. Qh6 $18 (24. Rxe7 Rae8 $11)) 23. Qe3 Ra5 24. c5 $36 {[%emt 0:00:00] White fights
for an advantage.} e5 25. Qc3 Raa8 26. Be3 (26. Qc4+ $16 Rf7 27. Be3 (27. cxd6 exd4 28.
Rxf6 Qd1+ 29. Kf2 Qd2+ 30. Kf1 Bb5 $11)) 26... Bxe4 27. cxd6 {
[%emt 0:00:24] Qc4+ is the strong threat.} Qe2 {[%emt 0:02:01] [#] Inhibits
Qc4+.} ({Black should play} 27... Rf7 $14) 28. d7 (28. Qb4 $1
$18 Bd3 29. Re1) 28... Rad8 $2 {[%emt 0:00:59] [#] This move
loses the game for Black.} (28... Bd3 $2 29. Re1 Qc2 30. Qb4) (28... a3 $16 29.
bxa3 Qb5) 29. Qb4 $1 $18 Bd3 30. Re1 Qc2 31. Qe7 {
[%emt 0:01:47] Bh6 would kill now.} Qc7 32. Bh6 Qxd7 33. Bxf8 {[%emt 0:00:
09][%cal Ye1d1] Black must now prevent Rd1!} Qd4+ (33... Bf5
$142 34. Kh1 e4) 34. Kh1 Rxf8 35. Rd1 Rf7 36. Qe8+ Rf8 37. Qe6+ {[%emt 0:00:04] Weighted Error Value: White=0.22
(precise) /Black=0.71} 1-0

[Event "44th Chess Olympiad Open 2022"]
[Site "Chennai"]
[Date "2022.08.07"]
[Round "9.12"]
[White "Lagarde, Maxime"]
[Black "Quesada Perez, Luis Ernesto"]
[Result "1-0"]
[WhiteElo "2631"]
[BlackElo "2549"]
[Annotator "TA"]
[PlyCount "105"]
[EventDate "2022.??.??"]
[TimeControl "60"]

1. e4 c5 2. Nc3 d6 3. Nge2 Nf6 4. g3 g6 5. Bg2 Nc6 6. d3 Bg7 7. O-O Rb8 8. f4 {[%emt 0:02:18] 8.Bg5 is
a critical line.} O-O 9. h3 Nd7 10. g4 {[%emt 0:07:44] B25: Closed Sicilian: 3 g3, lines without early
Be3.} b5 11. Ng3 c4 {
[%emt 0:03:55] [#]} 12. dxc4 $5 $146 {[%emt 0:06:36] Black has an edge. An
interesting novelty.} ({Predecessor:} 12. Kh2 cxd3 13. cxd3 Nd4 14. Nce2 b4 15.
Be3 Nxe2 16. Qxe2 Nc5 17. Rfc1 Ba6 18. Bxc5 dxc5 19. Rxc5 {0-1 (64) Simonian,H
(2494)-Negi,P (2615) Chotowa 2010}) 12... b4 13. Nce2 (13. Nd5 $11) 13... Ba6 14. e5 dxe5 15. b3 $11 (15. Bxc6 Qb6+ 16. Nd4 Rfd8
$17) 15... exf4 16. Bxf4 Qb6+ 17. Kh2 Rbd8 18. Qc1 (18.
Rc1 $11) 18... Bb7 (18... Bxa1 $17 19. Qxa1 f6) 19. Bh6 Bxa1 (19... Bxh6 {is interesting.} 20. Qxh6
Nce5 21. Bxb7 Qxb7 22. Qe3 Qb6) 20. Qxa1 {[%emt 0:01:06][%csl Gh6][%cal Ra1g7]
[#]} (20. c5 $2 Nxc5 $1 21. Qxa1 f6 $1 22. Bxf8 Rxf8 $17) 20... Nce5 $1 21. Bxb7 {[%emt 0:06:35] Chess con chili.} Qxb7 22. Bxf8 Rxf8 23. Qd4 Rd8
{[%emt 0:01:19] aiming for ...Nf3+.} 24. Qf4 {[%emt 0:00:00] Against Nf3+} f6 25. Qe3 Qb6 26. Qxb6 axb6 27. Rd1 Ra8 28. Nc1 Rc8 (28... Kf7 $15) 29. Nd3 Nxd3 (29... b5 $5) 30. cxd3 {[%emt 0:00:07]
Endgame KRN-KRN} Ra8 31. Rd2 e5 32. Nf1 Kf7 33. Ne3 Ke6 (33... Nc5 $11) 34. Nd5 $14 {[%emt 0:00:05] And now Nc7+
would win.} Kd6 {[%emt 0:00:04] Against Nc7} 35. Nxb4 {[%emt 0:03:35] White is
more active.} f5 (35... Kc5 $14 36. Nd5 Kd4) 36. d4 exd4 37. gxf5 Nf6 (
37... Kc5 $142 38. Nd3+ Kd6) 38. fxg6 $16 ({Don't take} 38.
Rxd4+ Kc5 39. Nc2 Rxa2 40. b4+ Kc6 $14) 38... hxg6 39. a4 ({But not} 39. Rxd4+ Kc5 40. Nc2 (40. Rf4 Kxb4 41. Rxf6 Rxa2+
42. Kg3 Kxb3 $16) 40... Rxa2 41. b4+ Kc6 $16) 39... Re8 40.
Nd5 (40. Rxd4+ $18 {and the rest is easy.} Kc5 41. Rf4 Re2+
42. Kg1 Kxb4 43. Rxf6 Kxb3 44. Rxb6+ Kxc4 45. Rxg6) 40... Nd7 $2 {[%emt 0:01:
27] Black cannot hold the game after this.} (40... Nxd5 $16 {might work better.
} 41. Rxd4 Re2+ 42. Kg1 Re3) 41. Rxd4 $18 Re2+ 42. Kg3 Kc5 43. Rf4 Ra2 44. b4+ Kc6 45. Re4 Kd6 {[%emt 0:00:00] [#]} (45... Rxa4 {is a better defense.} 46. Re6+
Kb7) 46. Nxb6 $1 Nxb6 {[%emt 0:00:00] [#] KRN-KR} (46... Ra3+
47. Kf4) 47. c5+ $1 Kd7 48. cxb6 Rxa4 49. Rc4 {[%emt 0:00:00] Intending b7 and mate.} Ra6 50. Rc7+ Kd8 51. Rc6 {
[%emt 0:00:00] White mates.} Ra3+ 52. Kg4 Ra4 53. Rc4 {[%emt 0:00:00] Weighted Error Value: White=0.11 
(very precise) /Black=0.49} 1-0

[Event "44th Chess Olympiad Open 2022"]
[Site "Chennai"]
[Date "2022.08.07"]
[Round "9.12"]
[White "Albornoz Cabrera, Carlos Daniel"]
[Black "Cornette, Matthieu"]
[Result "1-0"]
[WhiteElo "2566"]
[BlackElo "2551"]
[Annotator "TA"]
[PlyCount "63"]
[EventDate "2022.??.??"]
[TimeControl "60"]

1. Nf3 Nf6 2.
c4 e6 3. Nc3 d5 4. d4 Bb4 5. Qa4+ Nc6 6. e3 O-O 7. Qc2 {[%emt 0:00:
00] D38: Queen's Gambit Declined: Ragozin Defence (4 Nf3 Bb4).} Re8 8. Bd2 Bf8 9. a3 {[%emt 0:00:59] The
position is equal.} b6 10. cxd5 exd5 11. Bd3 Bb7 12. O-O {[%emt 0:
00:00] [#]} a6 $146 ({Predecessor:} 12... Rc8 13. b4 Ne7 14.
b5 Ng6 15. Rfc1 Ne4 16. Be1 Bd6 17. Ne2 Nh4 18. Nxh4 Qxh4 {½-½ (60) Korobov,
A (2718)-Caruana,F (2765) Riga 2021}) 13. b4 g6 14. Rfc1 Bd6 15. b5 Na5 16. bxa6 Bxa6 17. Nb5 Nc4 18. Bxc4 dxc4 19. a4 Ne4 20. Rab1 Bb7 21. Qxc4 Bd5 22. Qc2 Ng5 {[%emt 0:02:21] [#]} (22... c5 $1 $11 {keeps the balance.})
23. Nxg5 $1 $16 (23. Nxd6 $2 Nxf3+ 24. gxf3 Qg5+ 25. Kf1 {[#]}
Bxf3 $1 $19) 23... Qxg5 24. e4 $1 Bxh2+ {[%emt 0:00:11] Decoy} 25. Kxh2 Qh4+ (25... Qh5+ $16 26. Kg1 Rxe4) 26. Kg1 $18 Bxe4 27. Qb3 (27. Qxc7 Rec8 28. Qd6 (28. Qxb6 {
gets mated.} Qg4 29. Rxc8+ Rxc8 30. f3 Bxf3 31. Kf2 Qxg2+ 32. Ke3 Qe2+ 33. Kf4
Re8) (28. Qxc8+ Rxc8 29. Rxc8+ Kg7 $14) 28... Bxb1) 27... Bxb1 28. Rxb1 ({Much less strong is} 28. Rxc7 $6 Re6 $14) 28... Re2 29. Qf3 {[%emt 0:01:53] Chess con chili.} Rae8 (29... Qe4 {might work better.} 30. Qxe4 Rxe4) 30. Nxc7 R8e7 31. Bb4 {[%emt 0:01:59] Nd5 is the strong threat.} R7e4 (31... Qe4 $142 32. Qxe4 R7xe4) 32. Nd5 {[%emt 0:01:23]
Weighted Error Value: White=0.09 (flawless) /Black=0.33} 1-0

[Event "44th Chess Olympiad Open 2022"]
[Site "Chennai"]
[Date "2022.08.07"]
[Round "9.12"]
[White "Almeida Quintana, Omar"]
[Black "Maurizzi, Marc`Andria"]
[Result "1/2-1/2"]
[WhiteElo "2523"]
[BlackElo "2506"]
[Annotator "TA"]
[PlyCount "75"]
[EventDate "2022.??.??"]
[TimeControl "60"]

1. d4 Nf6 2. Nf3 c5 3. d5 b5 4. a4 b4 5. Bg5 g6 6. Bxf6
{[%emt 0:01:41] A43: Schmid Benoni.} exf6 7. e4 Bg7 {[%emt 0:00:58] [#]} 8. c3 $146 ({Predecessor:} 8.
Nbd2 O-O 9. Nc4 d6 10. Bd3 Ba6 11. Nfd2 f5 12. exf5 Re8+ 13. Kf1 Qf6 14. Qf3
Bxc4 15. Nxc4 {½-½ (44) Manukyan,S (2253)-Harika,D (2517) Chess.com INT 2022}
) 8... O-O {[%emt 0:05:37] ...f5 is the strong threat.} 9. Bd3 f5 10. exf5 Re8+ 11. Kf1 d6 12. fxg6 hxg6 13. h4 Bg4 14. Qc2 Bxf3 15. gxf3 Qf6 (15... Qe7 16.
h5 $16) (15... Re5 $1 $15) 16. Kg2 $11 Nd7 17. Bb5 $1 Ne5 18. Nd2 Re7 ({Black should play} 18... bxc3 $11 19. Qxc3 Reb8) 19. Rh3 (19. cxb4 $14 cxb4 20. Rad1) 19... bxc3 20.
bxc3 c4 (20... Qf4 {looks sharper.} 21. Re1
f5 22. Nf1 Bf6) 21. Nxc4 Nxc4 22. Bxc4 Rc8 23. Bb5 Rxc3 24. Qd1 (24. Qd2 $11 {keeps the
balance.}) 24... Bh6 $17 {[%emt 0:05:49] Black has strong compensation.} 25.
Rb1 Qf5 (25... Bf4 $17) 26. Rh1 Re5 27. Rb3 Rc5 28. Qd3 Qf6 29. Bc6 a5 30. Rb5 Rc1 31. Rb8+ Kh7 {[%emt 0:01:21][%cal Ye5g5] ( -> ..
.Rg5+!)} 32. Rxc1 ({White has to play} 32. Rb1 $1 $15 Rg5+ 33.
hxg5 Qxg5+ 34. Kh3 Qh5+ 35. Kg3 Qxh1 36. Rxc1 Qxc1 37. Kg2) 32... Bxc1 $19 33. Re8 Rh5 (33... Qxh4 34.
Rxe5 dxe5 35. d6 $11 (35. Kf1 Bb2 $11)) 34. Qe4 {[%emt 0:03:05] [#]} (34. Re4
$142) 34... Rf5 $2 ({Inferior is} 34... Rxh4 35. Qe7 Bb2 36.
Qxf6 Bxf6 37. Ra8 $15) ({Worse is} 34... Qxh4 35. Qxh4 Rxh4 36. Re7 $15) ({
Black should try} 34... Bg5 $1 $19 35. Rb8 (35. hxg5 $2 Qxg5+ 36. Qg4 Qc1 $19)
35... Bxh4) 35. Bd7 $36 {[%emt 0:00:34] White fights for an advantage. The
position is equal.} Rf4 36. Qe7 Rxf3 37. Qxf6 Rxf6 38. Re4 {
[%emt 0:00:19] Weighted Error Value: White=0.18 (very precise) /Black=0.17 
(very precise)} 1/2-1/2